 Dungeon Crawl Stone Soup version 0.29-a0-284-gf9362112df (webtiles) character file.

Game seed: 6320634382405482584

105 mistaj the Sneak (level 4, -5/33 HPs)
             Began as an Octopode Monk on Mar 26, 2022.
             Slain by an ogre
             ... wielding a +0 giant club
              (31 damage)
             ... on level 4 of the Dungeon.
             The game lasted 00:04:34 (3126 turns).

mistaj the Sneak (Octopode Monk)                    Turns: 3126, Time: 00:04:34

Health: -5/33      AC:  1    Str: 12    XL:     4   Next: 83%
Magic:  4/4        EV: 13    Int: 12    God:
Gold:   190        SH:  3    Dex: 14    Spells: 3/3 levels left

rFire   . . .      SeeInvis .   p - +2 dagger (elec)
rCold   . . .      Faith    .   f - +0 buckler
rNeg    . . .      Spirit   .   (helmet restricted)
rPois   .          Reflect  .   (no amulet)
rElec   .          Harm     .   j - ring of flight
rCorr   .          Rampage  .   (no ring)
Will    .....                   (no ring)
Stlth   ++++......              (no ring)
HPRegen 0.11/turn               (no ring)
MPRegen 0.09/turn               (no ring)
                                (no ring)
                                (no ring)

@: flying
A: almost no armour, amphibious, 8 rings, camouflage 1, gelatinous body 1,
(nimble swimmer 1), tentacles
a: no special abilities


You were on level 4 of the Dungeon.
You visited 1 branch of the dungeon, and saw 4 of its levels.

You collected 190 gold pieces.

Inventory:

Hand Weapons
 p - a +2 dagger of electrocution (weapon)
Armour
 f - a +0 buckler (worn)
Jewellery
 j - a ring of flight (left tentacle)
Scrolls
 c - a scroll of noise {unknown}
 d - 5 scrolls of teleportation {unknown}
 e - a scroll of blinking {unknown}
 g - 5 scrolls of identify {unknown}
 h - a scroll of fear {unknown}
 i - a scroll of enchant armour {unknown}
 n - a scroll of magic mapping {unknown}
 q - a scroll of brand weapon {unknown}
Potions
 b - a potion of ambrosia
 k - a potion of flight {unknown}
 l - a potion of invisibility {unknown}
 m - a potion of might {unknown}
 o - a potion of cancellation {unknown}


   Skills:
 + Level 3.7 Fighting
 + Level 3.7 Short Blades
 + Level 3.7 Dodging
 + Level 4.1 Stealth


You had 3 spell levels left.
You didn't know any spells.
Your spell library was empty.

Dungeon Overview and Level Annotations

Branches:
Dungeon (4/15)
 Temple: D:4-7

Altars:

Shops:
D:1 (   D:2 ?*


Innate Abilities, Weirdness & Mutations

You cannot wear most types of armour.
You are amphibious.
You can wear up to eight rings at the same time.
Your skin changes colour to match your surroundings (Stealth+).
Your rubbery body absorbs attacks. (AC +1, EV +1)
((You are camouflaged when in or above water. (Stealth+)))
You have tentacles for arms and can constrict up to eight enemies at once.


Message History

You fly upwards.
You feel sick.
There is a stone staircase leading down here.
You miss the adder. Your grab misses the adder.
You feel sick. You block the adder's attack. x2
You hit the adder. You grab the adder.
The adder is moderately wounded.
You constrict the adder.
You feel sick. The adder barely misses you.
You hit the adder. Lightning courses through the adder!
You kill the adder!
You feel sick.
You feel sick.
You are no longer poisoned.
You start resting.
HP restored.
You start waiting.
Done waiting.
You start waiting.
Done waiting.
There is a stone staircase leading down here.
You fly downwards.
There is a stone staircase leading up here.
Nothing quivered!
You see here a hobgoblin skeleton.
You see here a +0 club.
Found a plate armour.
An ogre comes into view. It is wielding a +0 giant club.
The ogre shouts!
The ogre closely misses you.
You hit the ogre. You squeeze the ogre!
The ogre is heavily wounded.
You hit the ogre.
The ogre is severely wounded.
The ogre hits you with a +0 giant club!
You hit the ogre but do no damage.
The ogre is severely wounded.
You hit the ogre. You squeeze the ogre!
The ogre is almost dead.
The ogre hits you with a +0 giant club!!
Ouch! That really hurt!
You die...

#......# #)....##
##..)## ##...##
#.....## ###
.......######.# ####
.........#....###...#
.####)........[....#
# ###)........@O#
##.........##
##.......## #......##
#.....## ##...##
#..## #.## #.#


You could see an ogre.

Vanquished Creatures
  4 adders
  A worm (D:2)
  An orc (D:3)
  5 ball pythons
  2 bats
  4 endoplasms
  2 giant cockroaches
  6 goblins
  10 hobgoblins
  2 quokkas
  7 frilled lizards
  13 kobolds
  4 rats
61 creatures vanquished.

Notes
Turn   | Place    | Note
-------+----------+-------------------------------------------
     0 | D:1      | mistaj the Octopode Monk began the quest for the Orb.
     0 | D:1      | Reached XP level 1. HP: 16/16 MP: 1/1
   203 | D:1      | Found Ziruot's Weapon Shop.
   233 | D:1      | Reached skill level 3 in Stealth
   234 | D:1      | Reached XP level 2. HP: 14/21 MP: 2/2
   769 | D:2      | Reached XP level 3. HP: 26/26 MP: 3/3
  1333 | D:2      | Found Apig Kin's Magic Scroll Emporium.
  1431 | D:2      | Found Toanaw's Assorted Antiques.
  1960 | D:3      | Reached XP level 4. HP: 29/31 MP: 4/4
  2085 | D:3      | Found a faded altar of an unknown god.
  2419 | D:4      | Reached skill level 4 in Stealth
  2745 | D:4      | Noticed an ogre
  3114 | D:4      | Noticed an ogre
  3126 | D:4      | Slain by an ogre

Illustrated notes

Levels and vault maps discovered:
D:1:      erik_arrival_blinker_ship, layout_rooms, serial_shops,
          nicolae_shop_bloodbath_and_beyond
D:2:      layout_loops_ring, serial_shops, shop,
          nicolae_shop_overgrown_old_shop, minmay_randomly_rotated_circles
D:3:      layout_rooms, basic_ecumenical_altar
D:4:      layout_layer_cave

Skill      XL: |  1  2  3  4 |
---------------+-------------+-----
Stealth        | 3 4 |  4.1
Fighting       | |  3.7
Short Blades   | |  3.7
Dodging        | |  3.7

Action                   |  1- 3 |  4- 6 || total
-------------------------+-------+-------++-------
Melee: Short sword       |    75 |    24 ||    99
       Constrict         |    19 |    10 ||    29
       Tentacles         |    10 |     8 ||    18
       Dagger            |       |    22 ||    22
       Punch             |       |     1 ||     1
 Stab: Sleeping          |    11 |     2 ||    13
       Distracted        |     1 |       ||     1
Armor: Skin              |     4 |     1 ||     5
Dodge: Dodged            |    22 |    24 ||    46
Block: Buckler           |    10 |     5 ||    15

Table legend: (Time is in decaauts)
 A = Elapsed time spent in this place.
 B = Non-inter-level travel time spent in this place.
 C = Inter-level travel time spent in this place.
 D = Time resting spent in this place.
 E = Time spent auto-exploring this place.
 F = Levels seen in this place.
 G = Mean time per level.
                   A        B        C        D        E       F      G
               +--------+--------+--------+--------+--------+-----+--------+
         Total |   3119 |   3032 |     87 |   1179 |   1184 |   4 |  779.8 |
       Dungeon |   3119 |   3032 |     87 |   1179 |   1184 |   4 |  779.8 |
               +--------+--------+--------+--------+--------+-----+--------+

Top non-repeatable levels by time:
     D:2: 1110 daAuts
     D:3: 897 daAuts
     D:1: 710 daAuts
     D:4: 400 daAuts
